 Dungeon Crawl Stone Soup version 0.28-a0-620-g539b0f7ac7 (webtiles) character file.

Game seed: 5695048055255791653

1440 siradein the Ruffian (level 8, -3/78 HPs)
             Began as a Troll Transmuter on Oct 6, 2021.
             Was an Initiate of Makhleb.
             Slain by a water moccasin zombie (5 damage)
             ... on level 6 of the Dungeon.
             The game lasted 00:07:34 (4774 turns).

siradein the Ruffian (Troll Transmuter)             Turns: 4774, Time: 00:07:34

Health: -3/78      AC:  4    Str: 25    XL:     8   Next: 46%
Magic:  9/11       EV: 10    Int: 11    God:    Makhleb [......]
Gold:   414        SH:  0    Dex: 10    Spells: 7/13 levels left

rFire   . . .      SeeInvis .     - Unarmed
rCold   . . .      Faith    .   (no shield)
rNeg    . . .      Spirit   .   a - +0 robe
rPois   .          Reflect  .   (helmet restricted)
rElec   .          Harm     .   (no cloak)
rCorr   .          Rampage  .   (gloves unavailable)
Will    .....                   (boots unavailable)
Stlth   +.........              (no amulet)
HPRegen 1.23/turn               u - +6 ring of strength
MPRegen 0.12/turn               (no ring)

@: wereblooded
A: large, unfitting armour, claws 3, regeneration 1, shaggy fur 1, tough skin 1
a: Renounce Religion


You were on level 6 of the Dungeon.
You worshipped Makhleb.
Makhleb was noncommittal.
You visited 2 branches of the dungeon, and saw 7 of its levels.

You collected 414 gold pieces.

Inventory:

Hand Weapons
 n - a +1 vorpal hunting sling
Missiles
 f - 3 javelins
 o - 127 stones
Armour
 a - a +0 robe (worn)
 j - a +2 tower shield
Jewellery
 u - a +6 ring of strength (left claw)
Wands
 r - a wand of iceblast (12)
 w - a wand of flame (6)
Scrolls
 b - a scroll of immolation
 c - 3 scrolls of enchant armour {unknown}
 e - 6 scrolls of identify {unknown}
 k - a scroll of brand weapon {unknown}
 l - a scroll of teleportation {unknown}
 q - 3 scrolls of fear {unknown}
 t - a scroll of magic mapping {unknown}
 v - a scroll of blinking {unknown}
 y - a scroll of noise {unknown}
Potions
 d - 2 potions of berserk rage {unknown}
 g - a potion of degeneration {unknown}
 h - 2 potions of lignification {unknown}
 i - 2 potions of flight {unknown}
 m - a potion of resistance {unknown}
 p - 2 potions of heal wounds {unknown}
 s - a potion of haste {unknown}
 x - 2 potions of curing {unknown}
 z - a potion of brilliance {unknown}


   Skills:
 + Level 3.8 Fighting
 + Level 4.1 Dodging
 + Level 5.4 Unarmed Combat
 + Level 3.1 Spellcasting
 + Level 3.6 Transmutations
 + Level 1.3 Invocations


You had 7 spell levels left.
You knew the following spells:

 Your Spells              Type           Power      Damage    Failure   Level
a - Beastly Appendage     Tmut           18%        N/A       6%          1
b - Wereblood             Tmut           9%         N/A       9%          2
c - Spider Form           Tmut/Pois      2%         N/A       36%         3

Your spell library contained the following spells:

 Spells                   Type           Power      Damage    Failure   Level
 Ice Form                 Ice/Tmut       5%         N/A       77%         4


Dungeon Overview and Level Annotations

Branches:
Dungeon (6/15)             Temple (1/1) D:5

Altars:
Ashenzari
Cheibriados
Dithmenos
Gozag
Hepliaklqana
Kikubaaqudgha
Makhleb
Nemelex Xobeh
Okawaru
Sif Muna
Trog
Uskayaw
Vehumet
Xom
Yredelemnul
Zin
The Shining One


Innate Abilities, Weirdness & Mutations

You are too large for most types of armour.
You have claws for hands.
Your natural rate of healing is unusually fast.
You are covered in fur. (AC +1)
You have tough skin. (AC +1)


Message History

You scratch the centaur. You claw the centaur. You headbutt the centaur.
The centaur is moderately wounded.
The killer bee zombie barely misses you.
The centaur closely misses you. The centaur kicks you.
* * * LOW HITPOINT WARNING * * *
The killer bee zombie hits you.
* * * LOW HITPOINT WARNING * * *
The water moccasin zombie closely misses you.
You barely miss the centaur.
The centaur is moderately wounded.
The killer bee zombie closely misses you.
The centaur hits you but does no damage.
The centaur closely misses you.
The water moccasin zombie bites you but does no damage.
The killer bee zombie barely misses you.
The centaur closely misses you. x2
You scratch the centaur. You headbutt the centaur.
The centaur is severely wounded.
The killer bee zombie hits you but does no damage.
The water moccasin zombie bites you.
* * * LOW HITPOINT WARNING * * *
The centaur hits you but does no damage.
The centaur barely misses you.
You scratch the centaur. Your kick misses the centaur.
The centaur is severely wounded.
The killer bee zombie hits you but does no damage.
The centaur hits you.
* * * LOW HITPOINT WARNING * * *
The centaur barely misses you.
The water moccasin zombie barely misses you.
The killer bee zombie barely misses you.
You barely miss the centaur. Your kick misses the centaur.
The centaur is severely wounded.
Your horns disappear.
Your talons disappear.
The centaur hits you.
* * * LOW HITPOINT WARNING * * *
The centaur closely misses you. The killer bee zombie hits you.
* * * LOW HITPOINT WARNING * * *
The water moccasin zombie bites you.
You die...

##..........
#..........#
#........$.#
#......$...#
#..........#
#..........#
##...c....##
#..Z@......#
#...Z......#
#...........
#<.........#
#...........
##.........#
##..=.)...#
#####.....
....


You could see a centaur, a water moccasin zombie and a killer bee zombie.

Vanquished Creatures
  Sigmund (D:2)
  Menkaure (D:4)
  Edmund (D:4)
  2 ogres (D:5)
  A centaur (D:5)
  A necrophage (D:4)
  A phantom (D:5)
  2 scorpions
  A killer bee (D:4)
  A bullfrog zombie (D:4)
  2 hounds (D:5)
  An orc priest (D:5)
  2 orc wizards (D:5)
  Terence (D:3)
  A killer bee zombie (D:5)
  Robin (D:3)
  3 gnolls (D:5)
  9 adders
  An adder skeleton (D:4)
  4 worms (D:2)
  18 orcs
  3 bats
  9 endoplasms
  2 giant cockroaches
  9 goblins
  6 hobgoblins
  5 jackals
  2 quokkas
  3 ball pythons
  2 frilled lizards (D:3)
  4 kobolds
  A quokka skeleton (D:4)
  10 rats
111 creatures vanquished.

Notes
Turn   | Place    | Note
-------+----------+-------------------------------------------
     0 | D:1      | siradein the Troll Transmuter began the quest for the Orb.
     0 | D:1      | Reached XP level 1. HP: 18/18 MP: 1/1
   187 | D:1      | Reached skill level 1 in Fighting
   202 | D:1      | Reached XP level 2. HP: 25/25 MP: 3/3
   205 | D:1      | Learned a level 2 spell: Wereblood
   243 | D:1      | Found a faded altar of an unknown god.
   803 | D:2      | Reached XP level 3. HP: 15/33 MP: 2/4
   917 | D:2      | Noticed Sigmund
   931 | D:2      | Killed Sigmund
   932 | D:2      | Reached XP level 4. HP: 25/42 MP: 2/5
   932 | D:2      | Reached XP level 5. HP: 29/49 MP: 2/6
  1584 | D:3      | Noticed Terence
  1592 | D:3      | Killed Terence
  1593 | D:3      | Reached skill level 4 in Unarmed Combat
  1593 | D:3      | Reached XP level 6. HP: 57/57 MP: 4/8
  1597 | D:3      | Learned a level 3 spell: Spider Form
  1712 | D:3      | Noticed Robin
  1729 | D:3      | Killed Robin
  2238 | D:3      | Found a shadowy altar of Dithmenos.
  2789 | D:4      | Noticed Menkaure
  2798 | D:4      | Killed Menkaure
  2799 | D:4      | Reached XP level 7. HP: 49/66 MP: 5/9
  2906 | D:4      | Found a snail-covered altar of Cheibriados.
  3322 | D:4      | Noticed Edmund
  3332 | D:4      | Killed Edmund
  3582 | D:5      | Entered Level 5 of the Dungeon
  3629 | D:5      | Found a staircase to the Ecumenical Temple.
  3657 | D:5      | Reached skill level 5 in Unarmed Combat
  3657 | D:5      | Reached XP level 8. HP: 49/75 MP: 11/11
  3663 | Temple   | Entered the Ecumenical Temple
  3934 | Temple   | Became a worshipper of Makhleb the Destroyer
  4333 | D:5      | Reached skill level 1 in Invocations
  4430 | D:5      | Found a hide-covered altar of Uskayaw.
  4774 | D:6      | HP: 2/78 [killer bee zombie (3)]
  4774 | D:6      | Slain by a water moccasin zombie

Illustrated notes

Levels and vault maps discovered:
D:1:      wander_arrival_estate, layout_loops_ring,
          hellmonk_ecumenical_altar_blasted, minmay_misc_feat_hallway
D:2:      layout_loops_ring, grunt_ministairs_9, uniq_sigmund
D:3:      kennysheep_six_static_rooms, layout_loops_ring,
          nicolae_overflow_crystal_walls, guppyfry_early_lair_pool,
          uniq_terence, uniq_robin
D:4:      minmay_wonky_spiral, layout_cave_pods, lemuel_doored_altar,
          uniq_menkaure, uniq_edmund
D:5:      layout_loops_cross, nicolae_uskayaw_suspiria,
          minmay_temple_entry_grid, minmay_misc_feat_four_crosses,
          skrybe_limestone_x, chequers_serial_rivers_small_3
D:6:      layout_rooms, kennysheep_mini, mainiacjoe_overflow_cross_hatched,
          uniq_prince_ribbit1, uniq_crazy_yiuf_cottage
Temple:   minmay_temple_curvy_branch

Skill      XL: |  1  2  3  4  5  6  7  8 |
---------------+-------------------------+-----
Fighting       | 1 2 3 |  3.8
Dodging        | 2 3 4 |  4.1
Transmutations | 2 3 |  3.6
Spellcasting   | 2 3 |  3.1
Unarmed Combat | 4 5 |  5.4
Invocations    | 1 |  1.3

Action                   |  1- 3 |  4- 6 |  7- 9 || total
-------------------------+-------+-------+-------++-------
Melee: Unarmed           |   100 |   131 |   134 ||   365
       Kick              |     3 |     4 |    19 ||    26
       Headbutt          |     1 |     1 |     9 ||    11
       Bite              |       |     1 |     4 ||     5
 Cast: Beastly Appendage |     2 |     3 |     9 ||    14
       Wereblood         |     1 |     5 |    18 ||    24
Armor: Robe              |    42 |    38 |    39 ||   119
Dodge: Dodged            |    49 |    48 |    72 ||   169

Table legend: (Time is in decaauts)
 A = Elapsed time spent in this place.
 B = Non-inter-level travel time spent in this place.
 C = Inter-level travel time spent in this place.
 D = Time resting spent in this place.
 E = Time spent auto-exploring this place.
 F = Levels seen in this place.
 G = Mean time per level.
                   A        B        C        D        E       F      G
               +--------+--------+--------+--------+--------+-----+--------+
         Total |   4749 |   4562 |    187 |      3 |   3737 |   7 |  678.4 |
       Dungeon |   4470 |   4283 |    187 |      3 |   3477 |   6 |  745.0 |
        Temple |    279 |    279 |      0 |      0 |    260 |   1 |  279.0 |
               +--------+--------+--------+--------+--------+-----+--------+

Top non-repeatable levels by time:
     D:4: 1072 daAuts
     D:5: 892 daAuts
     D:2: 882 daAuts
     D:3: 854 daAuts
     D:1: 756 daAuts
  Temple: 279 daAuts
     D:6: 12 daAuts
